 Dungeon Crawl Stone Soup version 0.27.0-66-gdc8fb28755 (webtiles) character file.

Game seed: 7004848840845758660

51100 pkoi the Brawler (level 12, -10/111 HPs)
             Began as a Troll Monk on Aug 19, 2021.
             Was a High Priest of Ru.
             Mangled by a slime creature (14 damage)
             ... on level 13 of the Dungeon.
             The game lasted 00:23:52 (15114 turns).

pkoi the Brawler (Troll Monk)                      Turns: 15114, Time: 00:23:52

Health: -10/111    AC:  8    Str: 23    XL:     12   Next: 22%
Magic:  15/15      EV: 14    Int: 13    God:    Ru [*****.]
Gold:   1559       SH:  0    Dex: 12    Spells: 13/17 levels left

rFire    . . .     SeeInvis .     - Unarmed
rCold    . . .     Faith    .   (no shield)
rNeg     . . .     Spirit   .   a - +0 robe
rPois    .         Reflect  .   u - +1 hat
rElec    .         Harm     .   r - +2 cloak {Stlth+}
rCorr    .         Rampage  .   (gloves unavailable)
Will     +....                  (boots unavailable)
Stlth    +++.......             o - amulet of magic regeneration
HPRegen  1.28/turn              x - +6 ring of intelligence
MPRegen  0.39/turn              B - ring of willpower

@: no status effects
A: large, unfitting armour, claws 3, regeneration 1, shaggy fur 1, tough skin 1,
weak 1, inability to use devices, hated by all, inexperienced 1, passive freeze,
wild magic 1, MP-powered wands
a: Renounce Religion, Sacrifice Skill, Sacrifice Purity, Sacrifice an Eye,
Reject Sacrifices, Draw Out Power, Power Leap, Apocalypse


You were on level 13 of the Dungeon.
You worshipped Ru.
Ru was extremely pleased with you.
You visited 3 branches of the dungeon, and saw 19 of its levels.
You also visited: Ossuary.

You collected 1559 gold pieces.

Inventory:

Missiles
 d - 113 poisoned darts
 j - 11 boomerangs (quivered)
 C - 2 throwing nets
Armour
 a - a +0 robe (worn)
 r - a +2 cloak of stealth (worn)
 u - a +1 hat (worn)
Jewellery
 g - a ring of ice
 o - an amulet of magic regeneration (around neck)
 x - a +6 ring of intelligence (left claw)
 B - a ring of willpower (right claw)
 D - a ring of wizardry
Scrolls
 c - 12 scrolls of identify
 e - 10 scrolls of teleportation
 h - 4 scrolls of amnesia
 k - 4 scrolls of fear
 w - 3 scrolls of magic mapping
 y - 2 scrolls of fog
 z - a scroll of blinking
 A - 2 scrolls of enchant weapon
Potions
 b - 4 potions of might
 f - 2 potions of flight
 i - 9 potions of curing
 l - 3 potions of heal wounds
 m - a potion of resistance
 n - 5 potions of brilliance
 p - 3 potions of berserk rage
 q - a potion of ambrosia
 s - 4 potions of magic
 t - 3 potions of lignification
 v - a potion of invisibility


   Skills:
 - Level 5.1 Fighting
 - Level 4.0 Throwing
 + Level 11.3 Dodging
 - Level 2.0 Stealth
 + Level 16.6 Unarmed Combat
 - Level 3.2 Spellcasting
 - Level 4.7 Transmutations
 - Level 4.6 Ice Magic


You had 13 spell levels left.
You knew the following spells:

 Your Spells              Type           Power      Damage    Failure   Level
a - Ice Form              Ice/Tmut       18%        N/A       41%         4

Your spell library contained the following spells:

 Spells                   Type           Power      Damage    Failure   Level
 Frozen Ramparts          Ice            36%        1d5       14%         3
 Ensorcelled Hibernation  Hex/Ice        20%        N/A       19%         2
 Passwall                 Tmut/Erth      8%         N/A       19%         2
 Magic Dart               Conj           8%         1d3       30%         1
 Shock                    Conj/Air       8%         1d3       30%         1
 Spider Form              Tmut/Pois      5%         N/A       34%         3
 Searing Ray              Conj           4%         3d3       43%         2
 Gell's Gravitas          Tloc           1%         N/A       65%         3
 Lesser Beckoning         Tloc           1%         N/A       65%         3
 Mephitic Cloud           Conj/Pois/Air  2%         N/A       65%         3
 Swiftness                Air            2%         N/A       65%         3
 Teleport Other           Tloc           2%         N/A       65%         3
 Hailstorm                Conj/Ice       10%        3d5       73%         4
 Airstrike                Air            1%         N/A       95%         4
 Fulminant Prism          Conj/Hex       1%         3d6       95%         4
 Invisibility             Hex            1%         N/A       100%        6
 Borgnjor's Revivificati  Necr           1%         N/A       100%        8
 Necromutation            Tmut/Necr      5%         N/A       100%        8
 Death's Door             Necr           1%         N/A       100%        9
 Call Imp                 Summ           Unusable   N/A       N/A         2
 Summon Ice Beast         Ice/Summ       Unusable   N/A       N/A         4
 Shadow Creatures         Summ           Unusable   N/A       N/A         6
 Simulacrum               Ice/Necr       Unusable   N/A       N/A         6

Dungeon Overview and Level Annotations

Branches:
Dungeon (13/15)            Temple (1/1) D:4            Lair (5/6) D:10
 Shoals (0/4) Lair:3        Snake (0/4) Lair:3          Orc (0/2) D:10
Ossuary (visited)
  Slime: Lair:5-6    Vaults: D:13-14

Altars:
Ashenzari
Cheibriados
Dithmenos
Elyvilon
Fedhas
Gozag
Hepliaklqana
Kikubaaqudgha
Makhleb
Nemelex Xobeh
Okawaru
Qazlal
Ru
Sif Muna
Trog
Uskayaw
Vehumet
Wu Jian
Xom
Yredelemnul
Zin
The Shining One

Shops:
D:2 *   D:4 ?[?   D:7 *


Innate Abilities, Weirdness & Mutations

You are too large for most types of armour.
You have claws for hands.
Your natural rate of healing is unusually fast.
You are covered in fur. (AC +1)
You have tough skin. (AC +1)
You are weak. (Str -2)
You cannot study or use magical devices.
You are hated by all.
You are somewhat inexperienced. (-2 XL)
A frigid envelope surrounds you and freezes all who hurt you.
Your spells are a little harder to cast, but a little more powerful.
You expend magic power (3 MP) to strengthen your wands.


Message History

The slime creature is very cold.
The slime creature is lightly wounded.
Unknown command.
Unknown command.
You claw the very large slime creature!
The very large slime creature is heavily wounded.
The very large slime creature is no longer blind.
The very large slime creature closely misses you.
The slime creature misses you.
Unknown command.
You mangle the very large slime creature!!
The very large slime creature is severely wounded.
You mangle the very large slime creature!!
The very large slime creature is severely wounded.
You redirect the very large slime creature's attack!
The very large slime creature hits the slime creature!!
The slime creature hits you!
The slime creature is very cold.
The slime creature is moderately wounded.
You scratch the very large slime creature but do no damage.
You claw the very large slime creature!
The very large slime creature is severely wounded.
Two slime creatures merge to form an enormous slime creature.
Two slime creatures merge to form a titanic slime creature.
The slime creature hits you!
The slime creature is very cold.
The slime creature is moderately wounded.
You barely miss the titanic slime creature.
The titanic slime creature is heavily wounded.
Unknown command.
You scratch the titanic slime creature.
The titanic slime creature is heavily wounded.
The slime creature misses you.
You mangle the titanic slime creature!!
The titanic slime creature is severely wounded.
The titanic slime creature hits you!!!!
Ouch! That really hurt!
* * * LOW HITPOINT WARNING * * *
The titanic slime creature is very cold.
The titanic slime creature is severely wounded.
The slime creature hits you!
You die...

#).....# ######.#######
#. ###..#...
#####.......# ####.
#....###
...#.....).###....
#..##.# #.#.....)........
#.#
#...#####.......).##.....
#.
................)........
.
###..###..##########.....
#.## #..... #@# #.....
#$...JJ# #..... #.....##
###### #..... #.....
#..... #....$ ######


You could see a titanic slime creature and a slime creature.

Vanquished Creatures
  Gastronok (D:8)
  Erolcha (D:10)
  A boulder beetle (D:12)
  9 hydras
  A centaur warrior (D:13)
  7 two-headed ogres
  An anaconda (Lair:4)
  A death yak (Lair:4)
  2 ugly things (D:13)
  5 elephants (Lair:2)
  7 black mambas
  13 cane toads
  2 unseen horrors
  2 kobold demonologists
  6 komodo dragons
  2 trolls
  3 polar bears
  A tyrant leech (shapeshifter) (D:13)
  A merfolk (D:13)
  3 meliai (D:13)
  Prince Ribbit (Lair:1)
  29 blink frogs
  4 slime creatures (D:11)
  A dream sheep (Lair:5)
  47 yaks
  A spriggan (Lair:5)
  3 wyverns
  A human (shapeshifter) (D:11)
  4 wraiths
  2 basilisks
  3 vampire mosquitoes (D:13)
  A steam dragon (D:8)
  5 nagas (Lair:3)
  3 acid dragons
  19 water moccasins
  4 orc warriors
  3 sky beasts (D:6)
  2 black bears
  A necrophage (D:6)
  4 wolves (Lair:1)
  6 ogres
  14 centaurs
  A kobold brigand (D:8)
  9 bullfrogs
  A gnoll sergeant (D:5)
  A scorpion (D:7)
  A wyvern skeleton (D:7)
  3 killer bees (D:9)
  A howler monkey (D:4)
  4 centaur zombies
  2 bullfrog zombies
  4 gnoll shamans (D:5)
  4 hounds
  2 jellies
  8 orc priests
  Crazy Yiuf (D:7)
  A centaur skeleton (D:6)
  A bullfrog skeleton (D:5)
  3 iguanas
  4 orc wizards
  A killer bee zombie (D:7)
  9 mummies
  17 gnolls
  A howler monkey zombie (D:8)
  4 adders
  A howler monkey skeleton (D:4)
  A white imp (D:5)
  2 worms
  6 dart slugs
  9 orcs
  2 ball pythons (D:1)
  9 endoplasms
  3 giant cockroaches
  6 goblins
  9 hobgoblins
  8 jackals
  2 quokkas
  5 bats
  4 gnoll zombies (Ossuary)
  2 hobgoblin zombies
  6 kobolds
  4 kobold zombies
  2 orc zombies (D:4)
  3 rats
394 creatures vanquished.

Vanquished Creatures (others)
  2 blink frogs
  A human (D:9)
  12 fungi
  44 plants
59 creatures vanquished.

Grand Total: 453 creatures vanquished

Notes
Turn   | Place    | Note
-------+----------+-------------------------------------------
     0 | D:1      | pkoi the Troll Monk began the quest for the Orb.
     0 | D:1      | Reached XP level 1. HP: 22/22 MP: 0/0
   205 | D:1      | Reached XP level 2. HP: 29/29 MP: 1/1
   462 | D:1      | Reached skill level 4 in Unarmed Combat
   749 | D:2      | Found Ytiular's Assorted Antiques.
   793 | D:2      | Gained mutation: You tend to lose your temper in combat.
                  | [potion of mutation]
   793 | D:2      | Gained mutation: You are agile. (Dex +2) [potion of
                  | mutation]
   983 | D:2      | Found a faded altar of an unknown god.
   991 | D:2      | Became a worshipper of Ru the Awakened
   997 | D:2      | Gained mutation: You cannot study or use magical devices.
                  | [Ru sacrifice]
   997 | D:2      | Reached * piety under Ru
   997 | D:2      | Reached ** piety under Ru
  1107 | D:2      | Reached XP level 3. HP: 36/36 MP: 2/2
  1347 | D:3      | Reached skill level 1 in Throwing
  1385 | D:3      | Found a white marble altar of Elyvilon.
  1885 | D:4      | Reached XP level 4. HP: 44/44 MP: 3/3
  1887 | D:4      | Found Nawiriodd's Antique Armour Shoppe.
  1912 | D:4      | Noticed an ogre
  1918 | D:4      | Killed an ogre
  1919 | D:4      | Reached skill level 5 in Unarmed Combat
  1919 | D:4      | Reached XP level 5. HP: 50/50 MP: 4/4
  1979 | D:4      | Found a staircase to the Ecumenical Temple.
  2009 | Temple   | Entered the Ecumenical Temple
  2195 | D:4      | Found a snail-covered altar of Cheibriados.
  2195 | D:4      | Found a faded altar of an unknown god.
  2203 | D:4      | Found a sacrificial altar of Ru.
  2205 | D:4      | Found an ornate altar of the Wu Jian Council.
  2207 | D:4      | Found a faded altar of an unknown god.
  2229 | D:4      | Found Ycweweju's Magic Scroll Shop.
  2278 | D:4      | Found a hide-covered altar of Uskayaw.
  2530 | D:4      | Reached XP level 6. HP: 59/59 MP: 5/5
  2580 | D:4      | Found Naffyu Odohi's Magic Scroll Shoppe.
  2675 | D:5      | Entered Level 5 of the Dungeon
  2718 | D:5      | Reached skill level 6 in Unarmed Combat
  3034 | D:5      | Reached XP level 7. HP: 66/66 MP: 6/6
  3062 | D:5      | Gained mutation: You are somewhat inexperienced. (-2 XL)
                  | [Ru sacrifice]
  3062 | D:5      | Reached XP level 6. HP: 59/59 MP: 5/5
  3062 | D:5      | Reached XP level 5. HP: 50/50 MP: 4/4
  3062 | D:5      | Reached *** piety under Ru
  3062 | D:5      | Reached **** piety under Ru
  3187 | D:5      | Found a stormy altar of Qazlal.
  3207 | D:5      | Reached skill level 7 in Unarmed Combat
  3419 | D:5      | Reached skill level 8 in Unarmed Combat
  3465 | D:5      | Learned a level 4 spell: Ice Form
  3610 | D:6      | Reached XP level 6. HP: 7/59 MP: 5/5
  3842 | D:6      | Reached skill level 9 in Unarmed Combat
  4389 | D:6      | Reached skill level 10 in Unarmed Combat
  4409 | D:6      | Noticed a two-headed ogre
  4416 | D:6      | Killed a two-headed ogre
  4417 | D:6      | Reached XP level 7. HP: 25/66 MP: 6/6
  4421 | D:6      | Identified the +9 quarterstaff "Ubas Ishema" {elec, rN+++
                  | Int+2 Dex+4}
  4463 | D:6      | Noticed a kobold demonologist
  4473 | D:6      | Killed a kobold demonologist
  4474 | D:6      | Reached skill level 5 in Dodging
  4474 | D:6      | Reached skill level 11 in Unarmed Combat
  5256 | D:7      | Found Ynapyir's General Store.
  5291 | D:7      | Found a sand-covered staircase.
  5298 | Ossuary  | Entered an ossuary
  5300 | Ossuary  | Gained mutation: You are hated by all. [Ru sacrifice]
  5300 | Ossuary  | Reached ***** piety under Ru
  5614 | D:7      | Reached skill level 12 in Unarmed Combat
  5869 | D:7      | Reached XP level 8. HP: 66/74 MP: 7/7
  5870 | D:7      | Lost mutation: You are agile. (Dex +2) [potion of mutation]
  5870 | D:7      | Lost mutation: You tend to lose your temper in combat.
                  | [potion of mutation]
  5870 | D:7      | Gained mutation: A frigid envelope surrounds you and
                  | freezes all who hurt you. [potion of mutation]
  5870 | D:7      | Gained mutation: Your spells are a little harder to cast,
                  | but a little more powerful. [potion of mutation]
  5870 | D:7      | Gained mutation: You expend magic power (3 MP) to
                  | strengthen your wands. [potion of mutation]
  6241 | D:7      | Found a runed translucent door.
  6242 | D:7      | Noticed Crazy Yiuf
  6247 | D:7      | Killed Crazy Yiuf
  6376 | D:8      | Found a burning altar of Makhleb.
  6609 | D:8      | Noticed Gastronok
  6623 | D:8      | Killed Gastronok
  6624 | D:8      | Reached skill level 1 in Spellcasting
  6624 | D:8      | Reached skill level 1 in Transmutations
  6624 | D:8      | Reached skill level 1 in Ice Magic
  7152 | D:9      | Noticed a two-headed ogre
  7159 | D:9      | Killed a two-headed ogre
  7543 | D:9      | Gained mutation: You are weak. (Str -2) [Ru sacrifice]
  7606 | D:9      | Found an ancient bone altar of Kikubaaqudgha.
  7754 | D:10     | Entered Level 10 of the Dungeon
  7784 | D:10     | Noticed Erolcha
  7790 | D:10     | Killed Erolcha
  7791 | D:10     | Reached XP level 9. HP: 83/83 MP: 10/10
  7792 | D:10     | Found a staircase to the Lair.
  7856 | D:10     | Noticed a two-headed ogre
  7867 | D:10     | Killed a two-headed ogre
  7868 | D:10     | Reached skill level 13 in Unarmed Combat
  8104 | D:10     | Found a staircase to the Orcish Mines.
  8242 | D:10     | Found a broken altar of Ashenzari.
  8580 | D:11     | Noticed a two-headed ogre
  8592 | D:11     | Killed a two-headed ogre
  8710 | D:11     | Noticed a two-headed ogre
  8718 | D:11     | Killed a two-headed ogre
  8730 | D:11     | Noticed a four-headed hydra
  8776 | Lair:1   | Entered Level 1 of the Lair of Beasts
  8777 | Lair:1   | Noticed Prince Ribbit
  8790 | Lair:1   | Killed Prince Ribbit
  8977 | Lair:1   | Noticed a six-headed hydra
  9025 | Lair:1   | Killed a nine-headed hydra
  9168 | Lair:1   | Reached XP level 10. HP: 83/88 MP: 13/13
  9284 | Lair:1   | Noticed a four-headed hydra
  9294 | Lair:1   | Killed a seven-headed hydra
  9599 | Lair:2   | You fall into a shaft and drop 1 floor!
  9664 | Lair:2   | Reached skill level 5 in Fighting
  9691 | Lair:2   | Reached skill level 14 in Unarmed Combat
 10428 | Lair:3   | Found a staircase to the Shoals.
 10432 | Lair:3   | Noticed a five-headed hydra
 10753 | Lair:3   | Found a staircase to the Snake Pit.
 10888 | Lair:3   | Killed a seven-headed hydra
 11082 | Lair:3   | Noticed a six-headed hydra
 11163 | Lair:3   | Reached skill level 15 in Unarmed Combat
 11240 | Lair:3   | Killed a nine-headed hydra
 11241 | Lair:3   | Reached XP level 11. HP: 92/102 MP: 14/14
 11458 | Lair:4   | Found the +8 storm bow {elec, penet}
 11566 | Lair:4   | Identified the +2 scythe of Plog {speed, rF+ Str+5}
 12621 | Lair:5   | Reached skill level 10 in Dodging
 13267 | Lair:5   | Identified the +1 chain mail "Xuheifon" {rCorr}
 13560 | D:10     | Reached skill level 16 in Unarmed Combat
 14240 | D:12     | Reached XP level 12. HP: 105/111 MP: 15/15
 15114 | D:13     | HP: 4/111 [titanic slime creature (75)]
 15114 | D:13     | Mangled by a slime creature

Illustrated notes

Levels and vault maps discovered:
D:1:      mrwooster_arrival_arrow, layout_basic, serial_glass, glass_columns_b,
          glass_columns_a, minmay_strange_pillars, item_on_display_a,
          item_on_display_b, minmay_misc_feat_chi,
          chequers_serial_rivers_micro_b, minmay_tiny_reverse_x
D:2:      layout_loops_ring, serial_shops, nicolae_shop_stone,
          chequers_ecumenical_altar_simple_redux, dk_noncrumbling_4
D:3:      layout_loops_ring, elyvilon_altar_4
D:4:      layout_basic, chequers_temple_overflow_minitemple,
          nicolae_uskayaw_murder_on_the_dancefloor, minmay_temple_entry_tees,
          serial_shops, shop, nicolae_lakefront_shop, nicolae_shop_crystal,
          minmay_mini_ossuary
D:5:      layout_basic, mainiacjoe_overflow_six_doors_small, minivault_5,
          minmay_checkerbox
D:6:      minmay_cornered_nines, layout_layer_cave, st_stairs_4
D:7:      layout_basic, enter_ossuary_2, serial_shops, nicolae_shop_crystal,
          chequers_avenue, hangedman_glass_teeth, uniq_crazy_yiuf_cottage
D:8:      layout_layer_cave, old_standard_altar, minmay_misc_feat_square,
          uniq_gastronok
D:9:      layout_irregular_city, tgw_kikubaaqudgha
D:10:     layout_basic, ashenzari_altar_1, dpeg_oklobed_lair, orc_0_dummy,
          minmay_misc_feat_doors, uniq_erolcha
D:11:     layout_cave_pools, minmay_microvault
D:12:     layout_basic
D:13:     layout_rooms, hangedman_fish_farm
Temple:   dshaligram_water_room_temple
Lair:1:   layout_hall_layers, minivault_11, grunt_megastairs_4,
          uniq_prince_ribbit2
Lair:2:   layout_chaotic_city, grunt_megastairs_2
Lair:3:   layout_gridlike, minmay_shoals_entry_centaurs,
          minmay_snake_entry_guardpost_medium, beast_lair_carwin_2
Lair:4:   beast_lair_carwin_large_3, layout_regular_city, lemuel_fruit_tree
Lair:5:   layout_gridlike, grunt_forest_large_clearing_hut

Skill      XL: |  1  2  3  4  5  6  7  8  9 10 11 12 |
---------------+-------------------------------------+-----
Unarmed Combat | 4 5 8 10 12 13 15 16 | 16.6
Throwing       | 1 2 3 4 |  4.0
Dodging        | 4 6 7 9 10 11 | 11.3
Fighting       | 3 4 5 |  5.1
Spellcasting   | 1 2 3 |  3.2
Transmutations | 2 3 4 |  4.7
Ice Magic      | 2 3 4 |  4.6
Stealth        | 2 |  2.0

Action                   |  1- 3 |  4- 6 |  7- 9 | 10-12 || total
-------------------------+-------+-------+-------+-------++-------
Melee: Unarmed           |    90 |   218 |   301 |   550 ||  1159
       Punch             |     2 |     6 |    24 |    39 ||    71
Throw: Boomerang         |       |       |       |     4 ||     4
Invok: Sacrifice Artific |     1 |       |       |       ||     1
       Sacrifice Experie |       |     1 |       |       ||     1
       Sacrifice Love    |       |       |     1 |       ||     1
       Sacrifice Purity  |       |       |     1 |       ||     1
       Apocalypse        |       |       |     1 |     3 ||     4
       Draw Out Power    |       |       |     1 |       ||     1
       Reject Sacrifices |       |       |       |     1 ||     1
  Use: Scroll            |     5 |     7 |     7 |       ||    19
       Potion            |     3 |     4 |     2 |       ||     9
 Stab: Sleeping          |     5 |     2 |     9 |    13 ||    29
       Invisible         |       |     2 |     6 |     6 ||    14
       Distracted        |       |     1 |       |     4 ||     5
       Paralysed         |       |       |     2 |     5 ||     7
Armor: Robe              |    17 |    38 |    63 |   117 ||   235
Dodge: Dodged            |    50 |    80 |   153 |   266 ||   549
